 Dungeon Crawl Stone Soup version 0.17-a0-1635-gd4e48f1 (webtiles) character file.

0 hexophile the Ducker (level 1, -6/11 HPs)
             Began as a Spriggan Abyssal Knight on Aug 4, 2015.
             Was a Follower of Lugonu.
             Mangled by a tentacled starspawn (10 damage)
             ... while paralysed by an orc sorcerer
             ... on level 2 of the Abyss.
             The game lasted 00:00:28 (78 turns).

hexophile the Ducker (Spriggan Abyssal Knight)        Turns: 78, Time: 00:00:28

Health: -6/11      AC:  2    Str:  8    XL:     1   Next: 0%
Magic:  3/3        EV:  1    Int: 13    God:    Lugonu [*.....]
Gold:   4          SH:  0    Dex: 15    Spells: 0 memorised, 0 levels left

rFire  . . .     SeeInvis +     a - +1 short sword
rCold  . . .     Clarity  .     b - +0 robe
rNeg   . . .     SustAt   .     (shield restricted)
rPois  .         Gourm    .     (helmet restricted)
rElec  .         Spirit   .     (no cloak)
rCorr  .         Warding  .     (gloves unavailable)
rMut   .         Stasis   .     (boots unavailable)
MR     .....                    (no amulet)
Stlth  ++........               (no ring)
                                e - ring of stealth

@: paralysed, constricted, very quick, not resistant to hostile enchantments,
unstealthy
A: unfitting armour, see invisible, herbivore 3, speed 3, slow metabolism 2
a: Depart the Abyss, Renounce Religion


You were on level 2 of the Abyss.
You worshipped Lugonu.
Lugonu was aware of your devotion.
You were not hungry.

You visited 0 branches of the dungeon, and saw 0 of its levels.
You visited the Abyss 1 time.

You collected 4 gold pieces.

Inventory:

Hand weapons
 a - a +1 short sword (weapon)
Armour
 b - a +0 robe (worn)
Jewellery
 e - a ring of stealth (left hand)
Comestibles
 c - a bread ration
 d - 2 royal jellies


   Skills:
 - Level 2.4 Fighting
 - Level 2.1 Short Blades
 - Level 3.5 Dodging
 + Level 0.0 Stealth
 - Level 1.7 Invocations


You couldn't memorise any spells.
You didn't know any spells.

Dungeon Overview and Level Annotations

Branches:
Dungeon (0/15)

Altars:


Innate Abilities, Weirdness & Mutations

You are tiny and cannot use many weapons and most armour.
You have supernaturally acute eyesight.
You are a herbivore.
You cover ground extremely quickly.
You need consume almost no food.


Message History

The orc sorcerer's eyes start to glow.
The orc sorcerer wildly gestures.
The orc sorcerer glows brightly for a moment.
A tentacled starspawn comes into view.
The tentacled starspawn moves out of view.
An iron imp comes into view.
The iron imp shouts!
The orc sorcerer casts a spell at you.
You suddenly lose the ability to move!
A tentacle flies out from the starspawn's body!
The orc sorcerer mumbles some strange words.
Tentacles burst from the starspawn's body!
The starspawn tentacle grabs you. The starspawn tentacle constricts you.
The orc sorcerer's eyes start to glow.
The starspawn tentacle constricts you.
The starspawn tentacle loses its grip on you.
The tentacle pulls you backwards! The starspawn tentacle grabs you.
The starspawn tentacle constricts you. The tentacled starspawn bites you!
Ouch! That really hurt!
You die...

## # .. .
.# . ...
#.#..[. .#.
# ...... #
##..# #. .
##.. .. ..
## ##.#. #*
.. ..# ##.#
. .. .
...#*##.
#.. # #
#... ....#
.#.##X#. .
.# .
#..#.#..#
## #
#x.#.#w.##
... ..
####. #@.#
.# # X
#.##X## .#
# .#.5w3#
#..#.o..#
#..###..
#....# ....
#.....# #
.# ..... ..
#
#...#..#.##


You could see 2 tentacled starspawn, a sun demon, an orc sorcerer and 2
starspawn tentacles.

Vanquished Creatures (others)
  2 starspawn tentacles (Abyss:2)
  88 starspawn tentacle segments (Abyss:2)
90 creatures vanquished.

Notes
Turn   | Place    | Note
--------------------------------------------------------------
     0 | Abyss:1  | hexophile the Spriggan Abyssal Knight began the quest for the Orb.
     0 | Abyss:1  | Reached XP level 1. HP: 11/11 MP: 3/3
    54 | Abyss:2  | Noticed an unseen horror
    62 | Abyss:2  | Noticed an orc sorcerer
    63 | Abyss:2  | Noticed a tentacled starspawn
    67 | Abyss:2  | Noticed a tentacled starspawn
    73 | Abyss:2  | Noticed an iron imp
    73 | Abyss:2  | Paralysed by an orc sorcerer for 7 turns
    76 | Abyss:2  | Noticed a sun demon
    78 | Abyss:2  | Mangled by a tentacled starspawn

Vault maps used:
Abyss:2:  hangedman_abyss_or_decor_stagger, hangedman_abyss_or_decor_passed

Action                   || total
-------------------------++-------
Melee: Short sword       ||     1
